 Dungeon Crawl Stone Soup version 0.21-a0-1-gaf3b9a5 (webtiles) character file.

128 mopl the Sneak (level 4, 0/25 HPs)
             Began as a Deep Elf Assassin on May 20, 2017.
             Slain by a gnoll
             ... wielding a +2 vampiric halberd
              (16 damage)
             ... on level 3 of the Dungeon.
             The game lasted 00:05:45 (2940 turns).

mopl the Sneak (Deep Elf Assassin)                  Turns: 2940, Time: 00:05:46

Health: 0/25       AC:  4    Str:  8    XL:     4   Next: 87%
Magic:  6/6        EV: 12    Int: 16    God:
Gold:   65         SH:  0    Dex: 17    Spells: 3/3 levels left

rFire    . . .     SeeInvis .   b - +0 blowgun
rCold    . . .     Gourm    .   (no shield)
rNeg     . . .     Faith    .   c - +0 robe
rPois    .         Spirit   .   t - +0 helmet
rElec    .         Reflect  .   d - +0 cloak
rCorr    .         Harm     .   (no gloves)
MR       .....                  (no boots)
Stlth    +++.......             (no amulet)
Regen    0.1/turn               (no ring)
MPRegen  0.1/turn               (no ring)

@: no status effects
A: no striking features
a: no special abilities


You were on level 3 of the Dungeon.
You were very hungry.

You visited 1 branch of the dungeon, and saw 3 of its levels.

You collected 65 gold pieces.

Inventory:

Hand Weapons
 a - a +2 dagger
 b - a +0 blowgun (weapon)
 s - a +2 spear of venom
Missiles
 e - 9 poisoned needles (quivered)
 f - 2 curare-tipped needles
Armour
 c - a +0 robe (worn)
 d - a +0 cloak (worn)
 t - a +0 helmet (worn)
Scrolls
 k - a scroll of remove curse {unknown}
 m - a scroll of recharging {unknown}
 p - a scroll of random uselessness {unknown}
 q - a scroll of enchant armour {unknown}
 x - a scroll of fog {unknown}
 y - a scroll of noise {unknown}
Potions
 j - a potion of heal wounds {unknown}
 n - a potion of magic {unknown}
 o - a potion of flight {unknown}
 u - a potion of lignification {unknown}
 v - a potion of curing {unknown}
 w - a potion of brilliance {unknown}
Comestibles
 g - a bread ration
 h - a meat ration
 i - 2 royal jellies
 l - 3 fruits


   Skills:
 - Level 1.5 Fighting
 + Level 3.1 Short Blades
 + Level 3.2 Throwing
 - Level 1.2 Dodging
 * Level 6.3 Stealth


You had 3 spell levels left.
You didn't know any spells.

Dungeon Overview and Level Annotations

Branches:
Dungeon (3/15)

Altars:
Elyvilon
Kikubaaqudgha
Ru
Vehumet
Yredelemnul

Annotations:
D:2 2 transporters


Message History

Firing (i - inventory. (,) - cycle):
e - 12 poisoned needles (quivered)
Press: ? - help, Shift-Dir - straight line, f - gnoll
Aim: a gnoll, wielding a vampiric halberd You shoot a poisoned needle.
The poisoned needle barely misses the gnoll.
The gnoll hits you with a vampiric halberd.
Firing (i - inventory. (,) - cycle):
e - 11 poisoned needles (quivered)
Press: ? - help, Shift-Dir - straight line, f/p - gnoll
Aim: a gnoll, wielding a vampiric halberd You shoot a poisoned needle.
The poisoned needle hits the gnoll!
The gnoll is poisoned.
Firing (i - inventory. (,) - cycle):
e - 10 poisoned needles (quivered)
Press: ? - help, Shift-Dir - straight line, f/p - gnoll
Aim: a gnoll, wielding a vampiric halberd (moderately wounded, poisoned)
You shoot a poisoned needle. The poisoned needle hits the gnoll.
The gnoll looks even sicker.
The gnoll is moderately wounded.
The gnoll hits you with a vampiric halberd!
Ouch! That really hurt!
You die...

#.......# #.......#
#.....g.#
#......g############
..###.#g............
# #####.........
..#####.###.#.##
........g...#
..#####@###.....
######'## .##
#.......# #.##....#
#....# .......
#########


You could see a gnoll.

Vanquished Creatures
  Robin (D:2)
  3 gnolls (D:2)
  2 adders (D:2)
  2 oozes
  2 worms (D:2)
  3 dart slugs
  A giant cockroach (D:2)
  12 goblins (D:2)
  4 hobgoblins
  8 jackals
  3 kobolds (D:2)
  A ball python (D:1)
  2 bats
  3 frilled lizards
  3 rats (D:1)
50 creatures vanquished.

Vanquished Creatures (others)
  Jessica (D:2)
  A quokka (D:2)
  A goblin (D:2)
3 creatures vanquished.

Grand Total: 53 creatures vanquished

Notes
Turn   | Place    | Note
-------+----------+-------------------------------------------
     0 | D:1      | mopl the Deep Elf Assassin began the quest for the Orb.
     0 | D:1      | Reached XP level 1. HP: 12/12 MP: 3/3
   108 | D:1      | Reached skill level 5 in Stealth
   229 | D:1      | Reached XP level 2. HP: 12/16 MP: 4/4
  1021 | D:2      | Killed Jessica
  1068 | D:2      | Reached XP level 3. HP: 17/20 MP: 5/5
  1438 | D:2      | Noticed Robin
  1473 | D:2      | Killed Robin
  1760 | D:2      | Found a basalt altar of Yredelemnul.
  1760 | D:2      | Noticed an ogre
  1762 | D:2      | Reached XP level 4. HP: 25/25 MP: 6/6
  1792 | D:2      | Found a sacrificial altar of Ru.
  1796 | D:2      | Found an ancient bone altar of Kikubaaqudgha.
  1976 | D:2      | Found a white marble altar of Elyvilon.
  2052 | D:2      | Found a radiant altar of Vehumet.
  2074 | D:2      | Reached skill level 3 in Throwing
  2139 | D:2      | Reached skill level 6 in Stealth
  2169 | D:2      | Reached skill level 3 in Short Blades
  2940 | D:3      | Slain by a gnoll

Vault maps used:
D:1:      shiori_shiawase
D:2:      vehumet_crystals, gammafunk_temple_overflow_arena, elyvilon_altar_4,
          uniq_robin, uniq_jessica

Skill      XL: |  1  2  3  4 |
---------------+-------------+-----
Stealth        | 5 6 |  6.3
Throwing       | 3 |  3.2
Short Blades   | 3 |  3.1
Fighting       | |  1.5
Dodging        | |  1.2

Action                   |  1- 3 |  4- 6 || total
-------------------------+-------+-------++-------
Melee: Dagger            |    68 |    61 ||   129
 Fire: Blowgun           |    38 |    37 ||    75
 Stab: Sleeping          |     5 |     3 ||     8
  Eat: Chunk             |     2 |     3 ||     5
Armor: Robe              |    16 |    17 ||    33
Dodge: Dodged            |    38 |    42 ||    80
